 Dungeon Crawl Stone Soup version 0.30.2 (webtiles) character file.

Game seed: 13816850912984976999

98 porpoise the Sneak (level 4, -3/23 HPs)
             Began as a Vine Stalker Brigand on Feb 16, 2024.
             Was an Initiate of Hepliaklqana.
             Killed from afar by an orc wizard (9 damage)
             ... with a puff of flame
             ... on level 4 of the Dungeon.
             The game lasted 00:08:50 (2598 turns).

porpoise the Sneak (Vine Stalker Brigand)           Turns: 2598, Time: 00:08:51

Health: -3/23      AC:  6    Str: 14    XL:     4   Next: 69%
Magic:  0/5        EV: 11    Int: 11    God:    Hepliaklqana [......]
Gold:   194        SH:  0    Dex: 17    Spells: 3/3 levels left

rFire   . . .        a - +2 dagger
rCold   . . .        (no shield)
rNeg    . . .        u - +0 leather armour
rPois   .            (no helmet)
rElec   .            c - +0 cloak
rCorr   .            o - +1 pair of gloves
SInv    .            (no boots)
Will    .....        (no amulet)
Stlth   +++          (no ring)
HPRegen 1.03/turn    (no ring)
MPRegen 0.09/turn

%: guardian spirit
@: no status effects
A: fangs 2, regeneration 1, magic shield, antimagic bite, no potion heal 2
a: Renounce Religion


You were on level 4 of the Dungeon.
You worshipped Hepliaklqana.
Hepliaklqana was noncommittal.
You visited 1 branch of the dungeon, and saw 4 of its levels.

You collected 194 gold pieces.

Inventory:

Hand Weapons
 a - a +2 dagger (weapon)
 b - a +0 sling
Missiles
 d - 6 poisoned darts (quivered)
 e - 3 curare-tipped darts
Armour
 c - a +0 cloak (worn)
 m - an orb of wrath
 o - a +1 pair of gloves (worn)
 u - a +0 leather armour (worn)
Wands
 v - a wand of digging (5)
Scrolls
 f - a scroll of amnesia {unknown}
 g - a scroll of torment {unknown}
 i - a scroll of brand weapon {unknown}
 j - a scroll of fog {unknown}
 k - a scroll of teleportation
 l - a scroll of enchant armour
 n - a scroll of blinking {unknown}
 w - a scroll of enchant weapon {unknown}
Potions
 h - 5 potions of attraction
 p - a potion of heal wounds
 q - a potion of haste
 r - a potion of mutation
 s - a potion of might {unknown}
 t - 3 potions of curing {unknown}
 x - a potion of flight {unknown}


   Skills:
 + Level 2.5 Fighting
 * Level 3.3 Short Blades
 - Level 1.7 Throwing
 - Level 0.7 Dodging
 + Level 5.6 Stealth


You had 3 spell levels left.
You didn't know any spells.
Your spell library contained the following spells:

 Spells                   Type           Power      Damage    Failure   Level
 Kiss of Death            Conj/Necr      0%         2d5       41%         1
 Confusing Touch          Hex            0%         N/A       80%         3
 Cause Fear               Hex            0%         N/A       99%         4
 Dispel Undead            Necr           0%         3d6       99%         4
 Dragon Form              Tmut           0%         N/A       100%        7
 Dragon's Call            Summ           0%         N/A       100%        9


Dungeon Overview and Level Annotations

Branches:
Dungeon (4/15)
 Temple: D:4-7

Altars:
Hepliaklqana

Shops:
D:3 [

Annotations:
D:2 Terence


Innate Abilities, Weirdness & Mutations

You have extremely sharp teeth.
Your natural rate of healing is unusually fast.
When hurt, damage is shared between your health and your magic reserves.
Your bite disrupts and absorbs the magic of your enemies.
Potions cannot restore your health.


Message History

a - a +2 dagger (weapon)
You closely miss the orc. Your bite misses the orc.
The orc wizard hits you but does no damage.
The orc hits you with a +0 flail.
You closely miss the orc. You bite the orc. You drain its power.
You feel invigorated.
The orc is heavily wounded.
The orc wizard misses you. The orc closely misses you.
You completely miss the orc. You bite the orc. You drain its power.
The orc is severely wounded.
The orc wizard hits you but does no damage.
The orc hits you with a +0 flail.
You hit the orc wizard but do no damage.
The orc wizard is severely wounded.
The orc wizard casts a spell.
The orc wizard flickers and vanishes!
Deactivating autopickup; reactivate with Ctrl-A.
The orc hits you with a +0 flail.
You closely miss something. Something hits you but does no damage.
The orc hits you but does no damage.
You closely miss something. You miss something. Something hits you.
The orc hits you with a +0 flail!
* * * LOW HITPOINT WARNING * * *
You hit the orc but do no damage. You bite the orc.
You kill the orc!
Something hits you.
* * * LOW HITPOINT WARNING * * *
You miss something. You bite something. Something hits you.
* * * LOW HITPOINT WARNING * * *
You hit something but do no damage. Your punch misses something.
Something hits you but does no damage.
You hit something but do no damage. Your bite misses something.
You hit something but do no damage.
You hear some strange, mumbled words.
Something tries to affect you, but you resist.
You hit something but do no damage. Your bite misses something.
You hear some strange, mumbled words.
A puff of flame appears from out of thin air!
The puff of flame hits you!
You die...

#....#...# # #....#...# #
#....###.# # #........#
#........#
#.......†#######. #####
#................ .....
#......)##...#.. .....
#.......@{o..# .....
#.......##...# #######...
#.......##...##......+...
#........#.o.))......#...
#........#...........#...
#..).....#...........####
##########...##.....((
#...# ...).(. .....#
#######


You could see an orc.

Vanquished Creatures
  A hound (D:4)
  An adder (D:2)
  A worm (D:3)
  A dart slug (D:1)
  5 orcs (D:4)
  6 endoplasms
  4 giant cockroaches
  6 goblins
  2 hobgoblins
  3 jackals (D:2)
  4 kobolds
  7 ball pythons
  2 frilled lizards
  2 rats
45 creatures vanquished.

Notes
Turn   | Place    | Note
-------+----------+-------------------------------------------
     0 | D:1      | porpoise the Vine Stalker Brigand began the quest for the
                  | Orb.
     0 | D:1      | Reached XP level 1. HP: 11/11 MP: 2/2
   352 | D:1      | Reached skill level 5 in Stealth
   352 | D:1      | Reached XP level 2. HP: 15/15 MP: 3/3
   958 | D:2      | You fall into a shaft and drop 2 floors!
  1089 | D:4      | Reached XP level 3. HP: 18/18 MP: 4/4
  1219 | D:2      | Noticed Terence
  2195 | D:3      | Found a hazy altar of Hepliaklqana.
  2203 | D:3      | Became a worshipper of Hepliaklqana the Forgotten
  2338 | D:3      | Found Uvvixun's Armour Shoppe.
  2477 | D:4      | Gained mutation: Your natural rate of healing is unusually
                  | fast. [Vine Stalker growth]
  2477 | D:4      | Reached XP level 4. HP: 23/23 MP: 5/5
  2598 | D:4      | Killed from afar by an orc wizard

Illustrated notes

Levels and vault maps discovered:
D:1:      kilobyte_arrival_exit_the_forest, layout_basic
D:2:      layout_rooms, uniq_terence
D:3:      layout_rooms, mainiacjoe_overflow_surrounded_room, serial_shops, shop,
          chequers_mini_garden, interstate_on_off, grunt_ministairs_13
D:4:      kennysheep_goblin_castle, layout_gridville, sigmund_edmund_badplayer

Skill      XL: |  1  2  3 |
---------------+----------+-----
Short Blades   | 2 3 |  3.3
Stealth        | 5 |  5.6
Fighting       | 2 |  2.5
Throwing       | |  1.7
Dodging        | |  0.7

Action                     |  1- 3 |  4- 6 || total
---------------------------+-------+-------++-------
  Melee: Dagger            |    45 |    24 ||    69
         Bite              |    10 |     5 ||    15
   Fire: Sling             |    71 |    12 ||    83
  Throw: Dart              |     1 |     5 ||     6
    Use: Scroll            |     7 |       ||     7
   Stab: Sleeping          |     4 |     1 ||     5
 Armour: Robe              |    10 |       ||    10
         Leather armour    |     2 |    12 ||    14
  Dodge: Dodged            |    31 |    17 ||    48
